 Dungeon Crawl Stone Soup version 0.22.1-6-g1668fe2c40 (webtiles) character file.

356 Morbidden the Skirmisher (level 6, -3/67 HPs)
             Began as an Ogre Abyssal Knight on Jan 29, 2019.
             Was a Believer of Lugonu.
             Slain by Pikel
             ... wielding a +2 whip of freezing
              (5 damage)
             ... on level 4 of the Dungeon.
             The game lasted 00:08:29 (3558 turns).

Morbidden the Skirmisher (Ogre Abyssal Knight)      Turns: 3558, Time: 00:08:30

Health: -3/67      AC:  3    Str: 19    XL:     6   Next: 63%
Magic:  7/7        EV: 10    Int: 13    God:    Lugonu [**....]
Gold:   221        SH:  0    Dex:  8    Spells: 5/5 levels left

rFire    . . .     SeeInvis .   a - +0 giant club
rCold    . . .     Gourm    .   (shield currently unavailable)
rNeg     . . .     Faith    .   r - +0 robe
rPois    .         Spirit   .   (helmet restricted)
rElec    .         Reflect  .   (no cloak)
rCorr    .         Harm     .   (gloves unavailable)
MR       .....                  (boots unavailable)
Stlth    +.........             (no amulet)
HPRegen  0.21/turn              (no ring)
MPRegen  0.10/turn              (no ring)

@: no status effects
A: large, unfitting armour, tough skin 1
a: Depart the Abyss, Bend Space, Renounce Religion


You were on level 4 of the Dungeon.
You worshipped Lugonu.
Lugonu was pleased with you.
You were not hungry.

You visited 1 branch of the dungeon, and saw 4 of its levels.
You visited the Abyss 1 time.

You collected 221 gold pieces.

Inventory:

Hand Weapons
 a - a +0 giant club (weapon)
 b - a +0 blowgun
 v - a +1 mace
Missiles
 d - 178 stones (quivered)
 p - 23 poisoned needles
 x - 11 tomahawks
Armour
 r - a +0 robe (worn)
Jewellery
 s - an uncursed ring of ice
Wands
 k - a wand of acid (6)
Scrolls
 i - 3 scrolls of magic mapping {unknown}
 j - a scroll of noise
 m - 4 scrolls of remove curse
 n - a scroll of fear {unknown}
 t - a scroll of identify {unknown}
 u - a scroll of fog
 w - a scroll of immolation {unknown}
Potions
 e - a potion of ambrosia {unknown}
 f - a potion of magic {unknown}
 g - 2 potions of degeneration {unknown}
 h - 2 potions of curing {unknown}
 l - a potion of lignification {unknown}
 o - a potion of berserk rage {unknown}
 q - a potion of cancellation {unknown}
Comestibles
 c - 7 rations


   Skills:
 * Level 6.3 Fighting
 * Level 3.7 Maces & Flails
 + Level 2.8 Throwing
 + Level 2.7 Dodging
 + Level 0.4 Stealth
 * Level 2.1 Invocations


You had 5 spell levels left.
You didn't know any spells.
Your spell library contained the following spells:

 Spells                   Type           Power        Failure   Level  Hunger
 Confusing Touch          Hex            #.....       30%         1    ##.....
 Confuse                  Hex            #.......     67%         3    ####...
 Gell's Gravitas          Tloc           #.........   67%         3    ####...
 Petrify                  Tmut/Erth      #.......     97%         4    #####..
 Metabolic Englaciation   Hex/Ice        #.........   100%        5    ######.
 Yara's Violent Unravell  Hex/Tmut       #.........   100%        5    ######.


Dungeon Overview and Level Annotations

Branches:
Dungeon (4/15)
 Temple: D:4-7

Altars:
Ashenzari
Makhleb
Trog
Uskayaw
Yredelemnul

Shops:
D:4 (

Annotations:
D:4 Pikel


Innate Abilities, Weirdness & Mutations

You are too large for most types of armour.
You have tough skin. (AC +1)


Message History

You are too injured to fight recklessly!
Unknown command.
You are too injured to fight recklessly!
Unknown command.
You closely miss Pikel.
Pikel is severely wounded.
Pikel hits you with a whip of freezing!
* * * LOW HITPOINT WARNING * * *
Pikel freezes you.
* * * LOW HITPOINT WARNING * * *
Unknown command.
Unknown command.
Okay, then.
Pikel says, "You'll fetch a fair price!"
You closely miss Pikel.
Pikel is severely wounded.
Pikel hits you with a whip of freezing!
* * * LOW HITPOINT WARNING * * *
Pikel freezes you.
You die...

##.#.#.........†......#.##....
#.#.#................#.##....
#####...#................'.######
........###+###..........###
........# #(.........# ......#.#
...........## ......#.#
#################
###'###.########............#
..(.((..(.(..ppK@...........+ .
#######..####.##............# ..
##+# #.##)...........# .##
#.##............#
#.##............#
#+##............# #..............
######.......... ### #...........


You could see Pikel and 2 slaves.

Vanquished Creatures
  A slave (D:4)
  An ogre (D:4)
  A howler monkey (D:4)
  A hound (D:4)
  3 orc priests (D:4)
  An orc wizard (D:4)
  An adder (D:2)
  An ooze (D:1)
  A worm (D:3)
  4 dart slugs
  5 leopard geckos
  5 orcs (D:4)
  A ball python (D:3)
  4 giant cockroaches
  3 goblins
  6 hobgoblins
  3 quokkas
  4 bats (D:1)
  5 frilled lizards
  9 kobolds
  6 rats
66 creatures vanquished.

Notes
Turn   | Place    | Note
-------+----------+-------------------------------------------
     0 | Abyss:1  | Morbidden the Ogre Abyssal Knight began the quest for the
                  | Orb.
     0 | Abyss:1  | Reached XP level 1. HP: 24/24 MP: 2/2
    14 | Abyss:1  | Noticed a green draconian
    19 | D:1      | Escaped the Abyss
   161 | D:1      | Reached * piety under Lugonu
   162 | D:1      | Reached XP level 2. HP: 24/32 MP: 3/3
   688 | D:1      | Reached XP level 3. HP: 40/40 MP: 4/4
   862 | D:2      | Found a basalt altar of Yredelemnul.
  1329 | D:2      | Reached XP level 4. HP: 45/49 MP: 5/5
  1331 | D:2      | Reached skill level 5 in Fighting
  1496 | D:2      | Found a burning altar of Makhleb.
  1876 | D:3      | Found a shattered altar of Ashenzari.
  2384 | D:3      | Found a faded altar of an unknown god.
  2764 | D:3      | Found a bloodstained altar of Trog.
  2764 | D:3      | Found a hide-covered altar of Uskayaw.
  2819 | D:4      | Reached skill level 1 in Throwing
  2824 | D:4      | Reached XP level 5. HP: 15/57 MP: 6/6
  2829 | D:4      | Reached ** piety under Lugonu
  3125 | D:4      | Found Parravut's Antique Weapon Shop.
  3127 | D:4      | Noticed an ogre
  3176 | D:4      | Killed an ogre
  3176 | D:4      | Reached XP level 6. HP: 48/67 MP: 7/7
  3499 | D:4      | Noticed a slave
  3499 | D:4      | Noticed a slave
  3501 | D:4      | Noticed Pikel
  3502 | D:4      | Noticed a slave
  3542 | D:4      | Killed a slave
  3548 | D:4      | Reached skill level 6 in Fighting
  3558 | D:4      | HP: 2/67 [Pikel/whip of freezing (12)]
  3558 | D:4      | Slain by Pikel

Skill      XL: |  1  2  3  4  5  6 |
---------------+-------------------+-----
Maces & Flails | 2 3 |  3.7
Fighting       | 5 6 |  6.3
Throwing       | 1 2 |  2.8
Dodging        | |  2.7
Stealth        | |  0.4
Invocations    | |  2.1

Action                   |  1- 3 |  4- 6 || total
-------------------------+-------+-------++-------
Melee: Mace              |    96 |    54 ||   150
       Giant club        |       |     7 ||     7
 Fire: Blowgun           |       |    76 ||    76
Throw: Stone             |    22 |    10 ||    32
Invok: Depart the Abyss  |     1 |       ||     1
Evoke: Wand              |       |     3 ||     3
  Use: Scroll            |       |     3 ||     3
 Stab: Sleeping          |     1 |       ||     1
  Eat: Chunk             |     1 |     7 ||     8
Armor: Robe              |    27 |    21 ||    48
Dodge: Dodged            |    76 |    47 ||   123
